 Dungeon Sprint DCSS version 0.31-a0-949-g57150269e1 (webtiles) character file.

Game seed: 4497618734469313202

32701 rocky1 the Sensei (level 13, -13/92 HPs)
             Began as a Tengu Shapeshifter on Oct 22, 2023.
             Was an Initiate of Gozag.
             Mangled by an orc knight
             ... wielding a +0 war axe
              (24 damage)
             ... in the Dungeon (Sprint VII: "The Pits").
             The game lasted 00:16:29 (3998 turns).

rocky1 the Sensei (Tengu Shapeshifter)              Turns: 3998, Time: 00:16:30

Health: -13/92     AC: 21    Str: 15    XL:     13   Next: 66%
Magic:  14/14      EV: 19    Int: 11    God:    Gozag
Gold:   2175       SH:  0    Dex: 18    Spells: 7/12 levels left

rFire   + .          .
                       - Unarmed
rCold   . . .        (no shield)
rNeg    + . .        i - +8 chain mail "Vygipl Okan" {+Inv rF+ rC- rN+}
rPois   +            (helmet currently unavailable)
rElec   .            (cloak currently unavailable)
rCorr   .            (gloves currently unavailable)
SInv    +            (boots unavailable)
Will    .....        o - amulet "Qiuwnala" {Faith Regen+ SInv} Stlth
                     F - ring of protection from cold
HPRegen 1.15/turn    a - ring of poison resistance
MPRegen 0.14/turn

%: no teleportation, acrobat, faith
@: mighty, beast-form, gold aura, flying, hasted, studying Staves, very quick
A: beast (slay +4), flying, beak, talons 3, evasive flight, acrobatic
a: Begin Untransformation, Renounce Religion, Evoke Invisibility, Potion
Petition, Call Merchant, Bribe Branch


You were in the Dungeon.
You worshipped Gozag.
Gozag was most pleased with you.
You were a hulking beast.
You visited 1 branch You collected 9974 gold pieces.
You spent 2453 gold pieces at shops.
You paid 5346 gold pieces to Gozag.

Inventory:

Missiles
 s - 4 silver javelins
 J - 2 throwing nets
Armour
 i - the +8 chain mail "Vygipl Okan" (worn) {+Inv rF+ rC- rN+}
   (You bought it in a shop in the Dungeon)

   rF+:       It protects you from fire.
   rC-:       It makes you vulnerable to cold.
   rN+:       It protects you from negative energy.
   +Inv:      It lets you turn invisible.
 z - a +3 chain mail of fire resistance
 C - the +4 pair of gloves of the Heron {Regen+}
   (You bought it in a shop in the Dungeon)

   Regen+:    It increases your rate of health regeneration.
 G - the +0 pair of gloves of the Dropbear {Will+ Regen+ Str+3}
   (You found it in the Dungeon)

   Str+3:     It affects your strength (+3).
   Will+:     It increases your willpower.
   Regen+:    It increases your rate of health regeneration.
Jewellery
 a - a ring of poison resistance (right hand)
 o - the amulet "Qiuwnala" (around neck) {Faith Regen+ SInv}
   (You bought it in a shop in the Dungeon)

   [amulet of faith]

   Faith:     It allows you to gain divine favour quickly.
   SInv:      It lets you see invisible.
   Regen+:    It increases your rate of health regeneration.
 p - a +3 ring of evasion
 y - a ring of protection from fire
 A - a ring of positive energy
 E - a ring of protection from fire
 F - a ring of protection from cold (left hand)
 H - a ring of willpower
 I - a +6 ring of dexterity
Talismans
 c - a beast talisman (active)
 d - a flux talisman
Wands
 u - a wand of acid (7)
 L - a wand of roots (3)
Scrolls
 j - 4 scrolls of blinking
 k - a scroll of brand weapon
 l - 2 scrolls of vulnerability
 m - 5 scrolls of amnesia
 n - a scroll of butterflies
 t - a scroll of torment
 x - a scroll of identify
 B - 4 scrolls of fog
 D - 2 scrolls of fear
Potions
 b - a potion of lignification
 e - 11 potions of curing
 f - 10 potions of heal wounds
 h - 4 potions of magic
 q - 2 potions of mutation
 r - a potion of might
 v - a potion of berserk rage
 w - a potion of brilliance


   Skills:
 + Level 15.2 Fighting
 + Level 15.4 Armour
 + Level 16.2 Dodging
 * Level 22.6 Unarmed Combat
 - Level 6.5 Evocations
 + Level 12.9 Shapeshifting


You had 7 spell levels left.
You knew the following spells:

 Your Spells              Type           Power      Damage    Failure   Level
a - Freezing Cloud        Conj/Ice/Air   0%         6-21      100%        5

Your spell library contained the following spells:

 Spells                   Type           Power      Damage    Failure   Level
 Apportation              Tloc           0%         N/A       92%         1
 Necrotise                Necr           0%         1d4       92%         1
 Summon Small Mammal      Summ           0%         N/A       92%         1
 Poisonous Vapours        Pois/Air       0%         N/A       98%         2
 Mephitic Cloud           Conj/Pois/Air  0%         N/A       100%        3
 Stone Arrow              Conj/Erth      0%         3d7       100%        3
 Animate Armour           Summ/Erth      0%         N/A       100%        4
 Lehudib's Crystal Spear  Conj/Erth      0%         10d2      100%        8


Dungeon Overview and Level Annotations

Branches:
Dungeon (1/1)

Altars:
Ashenzari
Cheibriados
Dithmenos
Elyvilon
Fedhas
Gozag
Hepliaklqana
Kikubaaqudgha
Makhleb
Nemelex Xobeh
Okawaru
Qazlal
Ru
Sif Muna
Trog
Uskayaw
Vehumet
Wu Jian
Xom
Yredelemnul
Zin
The Shining One
Jiyva
Lugonu

Shops:
D =[**


Innate Abilities, Weirdness & Mutations

You are a hulking beast.
Your limbs bulge with bestial killing power. (Slay +4)
You are flying.
You have a beak for a mouth.
You have claws for feet.
Your magical flight helps you evade attacks. (EV +4)
You can magically evade attacks while moving or waiting.


Message History

The orc warlord is distracted by your dazzling golden aura.
The orc knight hits you with a +0 great sword!
The orc warlord shouts!
The orc warlord no longer looks unusually strong.
The orc knight hits you with a +0 war axe!
The orc knight roars a battlecry!
The orc warlord goes into a battle-frenzy!
The orc knight barely misses you.
Items here: $ )) [[.
You punch the orc warlord!
The orc warlord is no longer distracted by gold.
You claw the orc warlord, but do no damage.
The orc warlord blocks your attack.
You punch the orc warlord!
The orc warlord is heavily wounded.
You pummel the orc warlord!! The orc warlord blocks your attack.
The orc warlord is severely wounded.
The orc knight hits you with a +0 war axe!
The orc knight is distracted by your dazzling golden aura.
The orc warlord misses you. The orc knight barely misses you.
The orc warlord blocks your attack.
The orc knight shouts!
Your kick misses the orc warlord. You peck the orc warlord!
The orc warlord is severely wounded.
You barely miss the orc warlord.
The orc warlord is severely wounded.
The orc warlord hits you with a +2 long sword of holy wrath!
The orc knight misses you.
The orc knight hits you with a +0 great sword!!
You pummel the orc warlord!! You claw the orc warlord.
You kill the orc warlord!
The orc knight is no longer distracted by gold.
You pummel the orc knight!! Your kick misses the orc knight.
You peck the orc knight, but do no damage.
You punch the orc knight!
The orc knight is heavily wounded.
The orc knight hits you with a +0 great sword!!
* * * LOW HITPOINT WARNING * * *
The orc knight hits you with a +0 war axe!!
You die...
Your body crumbles into a pile of gold.

....∩''..........##...,,,,,*,,,,,
###..##..#....#..##++#++*,,******
#.#..##..........++..#,,*,,,,,,,,
)##..##..........++..#,,*,,,,,,,,
#)#..####''####''#####***********
)#[∩.####''####''################
#[#..##......##..................
###..##.#+##.##o$o.o.............
.....##.#..+.##[h##############''
.....##.').#.##..#))#),*,,,,#....
#######.#%.'.##[.#))#),**++*#....
#######.+).#.##).#,,,,,*,,,,#....
.##..##.##'#.##))#,,****,,,,###..
.##..##....).##.[#,,+,,,,,,,,,.oo
.''..##########..#,,****,,,,,,o.o
.''..##########..#,,,,,*,,****.o.
.##..............#,,#))#..#..#.o.


You could see 3 orc knights.

Vanquished Creatures
  Frances (D)
  Gastronok (D)
  A shadow dragon (D)
  A ghost moth (D)
  An orc warlord (D)
  A spriggan defender (D)
  A minotaur (D)
  A merfolk impaler (D)
  2 ice dragons (D)
  A boulder beetle (D)
  A merfolk avatar (D)
  A merfolk aquamancer (D)
  A demonic crawler (D)
  3 death yaks (D)
  A vampire mage (D)
  An orc high priest (D)
  A spriggan (D)
  A fire crab (D)
  A sixfirhy (D)
  2 sea snakes (D)
  A swamp dragon (D)
  A bog body (D)
  An arcanist (D)
  2 deep elf pyromancers (D)
  A wolf spider (D)
  An orc sorcerer (D)
  A manticore (D)
  4 orc knights (D)
  2 phantasmal warriors (D)
  A merfolk siren (D)
  A guardian serpent (D)
  A black mamba (D)
  A rust devil (D)
  A gargoyle (D)
  A molten gargoyle (D)
  An orange demon (D)
  Psyche (D)
  3 cane toads (D)
  A yaktaur (D)
  2 efreet (D)
  A komodo dragon (D)
  2 ice devils (D)
  A guardian mummy (D)
  A red devil (D)
  A hornet (D)
  A polar bear (D)
  A wind drake (D)
  4 merfolk (D)
  6 dream sheep (D)
  Sigmund (D)
  A flying skull (D)
  4 water elementals (D)
  A ynoxinul (D)
  3 steam dragons (D)
  A warg (D)
  A water moccasin (D)
  3 orc warriors (D)
  A wolf (D)
  A centaur (D)
  A bullfrog (D)
  2 necrophages (D)
  2 gnoll sergeants (D)
  2 scorpions (D)
  A wight (D)
  A quasit (D)
  2 orc priests (D)
  A jelly (D)
  3 orc wizards (D)
  A mummy (D)
  7 gnolls (D)
  2 river rats (D)
  An ufetubus (D)
  2 adder skeletons (D)
  2 worms (D)
  9 orcs (D)
  2 goblins (D)
  3 hobgoblins (D)
  A quokka (D)
  A ball python (D)
  A ball python zombie (D)
  2 frilled lizards (D)
  A kobold (D)
137 creatures vanquished.

Vanquished Creatures (others)
  A cane toad (D)
  A tarantella (D)
  2 orcs (D)
  A ball python simulacrum (D)
5 creatures vanquished.

Grand Total: 142 creatures vanquished

Notes
Turn   | Place    | Note
-------+----------+-------------------------------------------
     0 | D        | rocky1 the Tengu Shapeshifter began the quest for the Orb.
     0 | D        | Reached XP level 1. HP: 12/12 MP: 2/2
    18 | D        | Found a bloodstained altar of Trog.
    18 | D        | Found a shimmering blue altar of Sif Muna.
    18 | D        | Found a viscous altar of Jiyva.
    18 | D        | Found a hazy altar of Hepliaklqana.
    18 | D        | Found an opulent altar of Gozag.
    19 | D        | Found a glowing golden altar of the Shining One.
    19 | D        | Found a glowing silver altar of Zin.
    19 | D        | Found a basalt altar of Yredelemnul.
    19 | D        | Found a shimmering altar of Xom.
    19 | D        | Found an ornate altar of the Wu Jian Council.
    19 | D        | Found a sacrificial altar of Ru.
    19 | D        | Found a stormy altar of Qazlal.
    19 | D        | Found an iron altar of Okawaru.
    19 | D        | Found a sparkling altar of Nemelex Xobeh.
    19 | D        | Found a burning altar of Makhleb.
    19 | D        | Found a blossoming altar of Fedhas.
    19 | D        | Found a white marble altar of Elyvilon.
    19 | D        | Found a shadowy altar of Dithmenos.
    19 | D        | Found a snail-covered altar of Cheibriados.
    22 | D        | Found a corrupted altar of Lugonu.
    22 | D        | Found a radiant altar of Vehumet.
    23 | D        | Found an ancient bone altar of Kikubaaqudgha.
    23 | D        | Found a hide-covered altar of Uskayaw.
    23 | D        | Found a broken altar of Ashenzari.
    26 | D        | Became a worshipper of Gozag Ym Sagoz the Greedy
    95 | D        | Reached skill level 4 in Unarmed Combat
    95 | D        | Reached XP level 2. HP: 17/17 MP: 3/3
   202 | D        | Noticed a scorpion
   202 | D        | Noticed a scorpion
   208 | D        | Reached skill level 5 in Unarmed Combat
   208 | D        | Reached XP level 3. HP: 22/22 MP: 4/4
   212 | D        | Killed a scorpion
   213 | D        | Reached skill level 6 in Unarmed Combat
   213 | D        | Reached XP level 4. HP: 29/29 MP: 5/5
   214 | D        | Killed a scorpion
   215 | D        | Reached skill level 5 in Dodging
   215 | D        | Reached skill level 7 in Unarmed Combat
   215 | D        | Reached XP level 5. HP: 34/34 MP: 6/6
   430 | D        | Reached skill level 8 in Unarmed Combat
   436 | D        | Reached skill level 5 in Fighting
   436 | D        | Reached skill level 5 in Shapeshifting
   445 | D        | Reached skill level 9 in Unarmed Combat
   445 | D        | Reached XP level 6. HP: 33/40 MP: 7/7
   599 | D        | Noticed a phantasmal warrior
   606 | D        | Killed a phantasmal warrior
   607 | D        | Reached skill level 11 in Unarmed Combat
   607 | D        | Gained mutation: Your magical flight helps you evade
                  | attacks. (EV +4) [Tengu growth]
   607 | D        | Reached XP level 7. HP: 41/48 MP: 8/8
   943 | D        | Noticed a flying skull
   949 | D        | Killed a flying skull
   950 | D        | Reached XP level 8. HP: 48/53 MP: 9/9
   955 | D        | Reached skill level 12 in Unarmed Combat
  1168 | D        | Noticed a gargoyle
  1180 | D        | Reached skill level 5 in Armour
  1181 | D        | Killed a gargoyle
  1557 | D        | Bought a ring of poison resistance for 260 gold pieces
  1557 | D        | Bought the amulet "Qiuwnala" {Faith Regen+ SInv} for 665
                  | gold pieces
  1602 | D        | Noticed a sea snake
  1608 | D        | Reached skill level 13 in Unarmed Combat
  1615 | D        | Killed a sea snake
  1616 | D        | Reached XP level 9. HP: 60/60 MP: 10/10
  1730 | D        | Noticed an orc knight
  1730 | D        | Noticed a yaktaur
  1730 | D        | Noticed a tarantella
  1732 | D        | Killed a tarantella
  1738 | D        | Killed a yaktaur
  1739 | D        | Reached skill level 10 in Dodging
  1739 | D        | Reached skill level 14 in Unarmed Combat
  1748 | D        | Killed an orc knight
  1783 | D        | Noticed a manticore
  1793 | D        | Killed a manticore
  1794 | D        | Reached skill level 15 in Unarmed Combat
  2010 | D        | Noticed a sixfirhy
  2016 | D        | Killed a sixfirhy
  2017 | D        | Reached skill level 10 in Fighting
  2017 | D        | Reached XP level 10. HP: 68/68 MP: 11/11
  2034 | D        | Noticed a cane toad
  2041 | D        | Killed a cane toad
  2210 | D        | Noticed a phantasmal warrior
  2210 | D        | Noticed a death yak
  2213 | D        | Killed a phantasmal warrior
  2214 | D        | Reached skill level 16 in Unarmed Combat
  2218 | D        | Killed a death yak
  2247 | D        | Reached skill level 10 in Armour
  2247 | D        | Noticed a merfolk siren
  2258 | D        | Reached skill level 17 in Unarmed Combat
  2258 | D        | Reached XP level 11. HP: 60/74 MP: 12/12
  2392 | D        | Noticed a deep elf pyromancer
  2397 | D        | Killed a deep elf pyromancer
  2400 | D        | Reached skill level 10 in Shapeshifting
  2540 | D        | Noticed Psyche
  2556 | D        | Killed Psyche
  2677 | D        | Noticed a demonic crawler
  2677 | D        | Noticed a sea snake
  2683 | D        | Killed a sea snake
  2684 | D        | Reached skill level 18 in Unarmed Combat
  2695 | D        | Killed a demonic crawler
  2721 | D        | Noticed a bog body
  2724 | D        | Killed a bog body
  2731 | D        | Noticed a swamp dragon
  2748 | D        | Killed a swamp dragon
  2907 | D        | Noticed a deep elf pyromancer
  2907 | D        | Noticed Sigmund
  2907 | D        | Noticed a wolf spider
  2914 | D        | Killed Sigmund
  2918 | D        | Killed a wolf spider
  2919 | D        | Reached skill level 19 in Unarmed Combat
  2930 | D        | Noticed a boulder beetle
  2946 | D        | Killed a boulder beetle
  2947 | D        | Reached XP level 12. HP: 78/82 MP: 13/13
  3092 | D        | Noticed an orc warlord
  3092 | D        | Noticed an orc warlord
  3092 | D        | Noticed an ettin
  3092 | D        | Noticed an occultist
  3092 | D        | Noticed an ogre mage
  3092 | D        | Noticed a sphinx
  3146 | D        | Bought a +1 chain mail of fire resistance for 214 gold
                  | pieces
  3180 | D        | Bought a translucent chain mail for 266 gold pieces
  3180 | D        | Identified the +8 chain mail "Vygipl Okan" {+Inv rF+ rC-
                  | rN+} (You bought it in a shop in the Dungeon)
  3180 | D        | Bought a scroll labelled YTYROILOXAH for 28 gold pieces
  3180 | D        | Bought a pair of faintly humming gloves for 266 gold pieces
  3180 | D        | Identified the +4 pair of gloves of the Heron {Regen+} (You
                  | bought it in a shop in the Dungeon)
  3200 | D        | Bought a ring of protection from cold for 325 gold pieces
  3337 | D        | Noticed a vampire mage
  3341 | D        | Killed a vampire mage
  3342 | D        | Reached skill level 1 in Evocations
  3343 | D        | Noticed a merfolk impaler
  3346 | D        | Noticed a spriggan defender
  3348 | D        | Killed a merfolk impaler
  3349 | D        | Noticed Gastronok
  3351 | D        | Reached skill level 20 in Unarmed Combat
  3355 | D        | Killed Gastronok
  3360 | D        | Noticed Frances
  3363 | D        | Noticed a death yak
  3368 | D        | Killed a spriggan defender
  3375 | D        | Killed Frances
  3383 | D        | Noticed a death yak
  3388 | D        | Noticed an ice dragon
  3396 | D        | Killed a death yak
  3398 | D        | Noticed an ice dragon
  3401 | D        | Killed an ice dragon
  3402 | D        | Reached skill level 5 in Evocations
  3404 | D        | Reached skill level 15 in Dodging
  3408 | D        | Killed a death yak
  3409 | D        | Reached skill level 21 in Unarmed Combat
  3413 | D        | Reached XP level 13. HP: 68/90 MP: 3/14
  3416 | D        | Killed an ice dragon
  3446 | D        | Noticed a minotaur
  3449 | D        | Killed a minotaur
  3479 | D        | Got the +0 pair of gloves of the Dropbear {Will+ Regen+
                  | Str+3}
  3622 | D        | Bought a potion of might for 56 gold pieces
  3622 | D        | Bought a scroll of revelation for 105 gold pieces
  3622 | D        | Bought a book of Cantrips for 168 gold pieces
  3622 | D        | Bought a wand of roots (3) for 100 gold pieces
  3636 | D        | Noticed a shadow dragon
  3659 | D        | Noticed a ghost moth
  3666 | D        | Killed a ghost moth
  3681 | D        | Killed a shadow dragon
  3682 | D        | Reached skill level 22 in Unarmed Combat
  3686 | D        | Reached skill level 15 in Armour
  3689 | D        | Reached skill level 15 in Fighting
  3721 | D        | Learned a level 5 spell: Freezing Cloud
  3997 | D        | Killed an orc warlord
  3998 | D        | Mangled by an orc knight

Illustrated notes

Levels and vault maps discovered:
D:        pitsprint [storerooms_1, entrance_room_1, metal_vault_1, armoury_1,
          mini_pit_1, grid_room_1, main_hall_1, silver_pit, the_coven_2,
          the_vestibule_1, steel_vault_5, golden_pit, hallway_of_sentries,
          crystal_vault_1, iron_vault_1, final_vault]

Skill      XL: |  1  2  3  4  5  6  7  8  9 10 11 12 13 |
---------------+----------------------------------------+-----
Unarmed Combat | 4 5 6 7 9 11 13 15 17 19 21 22 | 22.6
Shapeshifting  | 3 4 5 6 7 8 9 11 12 | 12.9
Fighting       | 2 3 4 5 7 8 10 11 12 14 15 | 15.2
Dodging        | 3 4 5 6 7 8 9 10 12 13 15 16 | 16.2
Armour         | 4 7 8 10 12 14 15 | 15.4
Evocations     | 5 6 |  6.5

Action                     |  1- 3 |  4- 6 |  7- 9 | 10-12 | 13-15 || total
---------------------------+-------+-------+-------+-------+-------++-------
  Melee: Unarmed           |    16 |    36 |    48 |   221 |    78 ||   399
         Peck              |     5 |     4 |    11 |    59 |    22 ||   101
         Punch             |     2 |       |     5 |    28 |    14 ||    49
         Kick              |     3 |    10 |    16 |    95 |    30 ||   154
 Invoke: Call Merchant     |       |       |     1 |     2 |     1 ||     4
         Potion Petition   |       |       |       |     2 |     2 ||     4
    Use: Potion            |     1 |     1 |     2 |     8 |     3 ||    15
         Scroll            |       |       |       |     4 |     1 ||     5
   Stab: Sleeping          |     1 |       |       |       |       ||     1
         Distracted        |       |       |     1 |     1 |       ||     2
         Invisible         |       |       |     2 |     9 |     3 ||    14
         Held in net/web   |       |       |       |     3 |       ||     3
 Armour: Animal skin       |     5 |       |       |       |       ||     5
         Chain mail        |       |    13 |    10 |    16 |    31 ||    70
         Scale mail        |       |       |     9 |    52 |       ||    61
  Dodge: Dodged            |    10 |     8 |    40 |   154 |    29 ||   241

Table legend: (Time is in decaauts)
 A = Elapsed time spent in this place.
 B = Non-inter-level travel time spent in this place.
 C = Inter-level travel time spent in this place.
 D = Time resting spent in this place.
 E = Time spent auto-exploring this place.
 F = Levels seen in this place.
 G = Mean time per level.
                   A        B        C        D        E       F      G
               +--------+--------+--------+--------+--------+-----+--------+
         Total |   3838 |   3772 |     66 |   2357 |      0 |   1 | 3838.0 |
       Dungeon |   3838 |   3772 |     66 |   2357 |      0 |   1 | 3838.0 |
               +--------+--------+--------+--------+--------+-----+--------+

Top non-repeatable levels by time:
       D: 3838 daAuts
